 Dungeon Crawl Stone Soup version 0.17-a0-1804-gf6433eb (webtiles) character file.

49 nuthulu the Chiller (level 3, -1/19 HPs)
             Began as a Deep Elf Ice Elementalist on Sept 11, 2015.
             Slain by a rat (2 damage)
             ... on level 2 of the Dungeon on Dec 13, 2015.
             The game lasted 00:04:13 (1260 turns).

nuthulu the Chiller (Deep Elf Ice Elementalist)     Turns: 1260, Time: 00:04:13

Health: -1/19      AC:  4    Str:  5      XL:     3   Next: 51%
Magic:  10/10      EV: 13    Int: 19      God:
Gold:   44         SH:  0    Dex: 14 (16) Spells: 2 memorised, 6 levels left

rFire  . . .     SeeInvis .     (no weapon)
rCold  . . .     Clarity  .     a - +0 robe
rNeg   + . .     SustAt   .     (no shield)
rPois  .         Gourm    .     (no helmet)
rElec  .         Spirit   .     (no cloak)
rCorr  .         Warding  +     (no gloves)
rMut   .         Stasis   .     (no boots)
MR     .....                    e - amulet of warding
Stlth  ++........               (no ring)
                                (no ring)

@: lethally poisoned (-1 -> -4), not resistant to hostile enchantments,
unstealthy
A: hooves 1, thin metallic scales 1, deterioration 1
a: no special abilities


You were on level 2 of the Dungeon.
You were hungry.

You visited 1 branch of the dungeon, and saw 2 of its levels.

You collected 44 gold pieces.

Inventory:

Armour
 a - a +0 robe (worn)
Jewellery
 e - an amulet of warding (around neck)
Potions
 k - a potion of brilliance
Books
 b - a book of Frost

   Spells                             Type                      Level
   a - Freeze                         Ice                          1
   b - Throw Frost                    Conjuration/Ice              2
   c - Ozocubu's Armour               Charms/Ice                   3
   d - Throw Icicle                   Conjuration/Ice              4
   e - Summon Ice Beast               Ice/Summoning                4
   f - Condensation Shield            Ice                          4
Comestibles
 c - 2 bread rations
 d - a meat ration
 f - a beef jerky


   Skills:
 + Level 3.0 Dodging
 + Level 3.0 Stealth
 + Level 3.6 Spellcasting
 + Level 1.8 Conjurations
 + Level 3.7 Ice Magic


You had 6 spell levels left.
You knew the following spells:

 Your Spells              Type           Power        Failure   Level  Hunger
a - Freeze                Ice            ###.         3%          1    None
b - Throw Frost           Conj/Ice       ##....       10%         2    ##.....


Dungeon Overview and Level Annotations

Branches:
Dungeon (2/15)

Altars:


Innate Abilities, Weirdness & Mutations

You have large cloven feet.
You are partially covered in thin metallic scales (AC +2).
Your body sometimes deteriorates upon taking damage.


Message History

Unknown command.
Unknown command.
You barely miss the kobold.
The kobold is moderately wounded.
* * * LOW HITPOINT WARNING * * *
You feel sick. The kobold barely misses you. The rat closely misses you.
The adder closely misses you.
You hit the kobold.
You kill the kobold!
* * * LOW HITPOINT WARNING * * *
You feel sick. The adder closely misses you. The rat barely misses you.
The adder bites you but does no damage. The rat misses you.
The adder closely misses you. The rat bites you but does no damage.
The adder barely misses you.
* * * LOW HITPOINT WARNING * * *
You feel sick.
You hit the adder but do no damage. You kick the adder, but do no damage.
* * * LOW HITPOINT WARNING * * *
You feel sick. The adder closely misses you. The rat bites you.
You die...

#.#......#
#.##...#.# .#
#.###.##.# .#
#.###.##.# ##.##
#........# ##...##
#####.####
###.....# #.#
#......#
#.######..r..#
#..(......S@.#
########...........
#.....######
#####.# .# .# .. ..


You could see an adder and a rat.

Vanquished Creatures
  Ijyb (D:2)
  A worm (D:2)
  4 bats
  2 goblins (D:1)
  2 hobgoblins (D:1)
  2 jackals (D:1)
  2 kobolds
  A giant cockroach (D:1)
  3 rats (D:1)
18 creatures vanquished.

Notes
Turn   | Place    | Note
--------------------------------------------------------------
     0 | D:1      | nuthulu the Deep Elf Ice Elementalist began the quest for the Orb.
     0 | D:1      | Reached XP level 1. HP: 10/10 MP: 6/6
   370 | D:1      | Reached XP level 2. HP: 10/15 MP: 4/8
   426 | D:1      | Learned a level 2 spell: Throw Frost
  1104 | D:2      | Noticed Ijyb
  1111 | D:2      | Gained mutation: You are partially covered in thin metallic scales (AC +2). [potion of mutation]
  1111 | D:2      | Gained mutation: Your body sometimes deteriorates upon taking damage. [potion of mutation]
  1111 | D:2      | Gained mutation: You have large cloven feet. [potion of mutation]
  1121 | D:2      | Killed Ijyb
  1121 | D:2      | Reached XP level 3. HP: 19/19 MP: 10/10
  1260 | D:2      | Slain by a rat

Vault maps used:
D:1:      dpeg_arrival_tiny_g, kennysheep_pointless_box
D:2:      lemuel_doored_altar, nicolae_qazlal_eye_of_the_storm,
          grunt_temple_overflow_open, uniq_iyjb

Action                   || total
-------------------------++-------
Melee: Unarmed           ||    23
 Cast: Freeze            ||    19
  Use: Potion            ||     4
       Scroll            ||     2
 Stab: Sleeping          ||     1
